Map: Orbital Shipyard

Players

LilDicky - Winner!

  • Race: Terran Terran
  • League: Diamond

MellowYellow

  • Race: Protoss Protoss
  • League: Platinum

VOD

http://www.twitch.tv/tumescentpie

Description

Time

  • Played on: Jan. 3, 2016, 6:11 p.m.
  • Length: 5:39
Show
View Real Time Build Order
Export as new Build Order

LilDicky Terran - Winner!

Build Orders: MMM Bio 

Get SALT Encoding   

  12  0:01  SCV  
  13  0:13  SCV  
  14  0:18  Supply Depot  
  14  0:27  SCV  
  15  0:31  Refinery  
  15  0:39  SCV  
  16  0:47  Barracks  
  16  0:51  SCV  
  17  1:03  SCV  
  18  1:15  SCV  
  19  1:28  SCV  
  20  1:34  Supply Depot, Marine  
  20  1:37  Factory  
  21  1:40  Orbital Command  
  21  1:52  Marine  
  22  2:04  Barracks  
  22  2:06  Barracks  
  22  2:12  Barracks Reactor  
  22  2:26  SCV  
  23  2:31  Refinery  
  23  2:41  SCV  
  24  2:48  Supply Depot, Marine x2  
  24  2:50  Widow Mine  
  28  2:53  SCV  
  29  2:58  Barracks Tech Lab x2  
  29  3:05  SCV  
  30  3:11  Supply Depot  
  30  3:13  Marine  
  30  3:14  Marine  
  30  3:17  SCV  
  30  3:18  Combat Shields, Stimpack  
  33  3:26  Engineering Bay  
  33  3:30  Widow Mine  
  34  3:34  Marine  
  34  3:36  Marine  
  34  3:40  SCV  
  37  3:41  Marine x2  
  37  3:42  Starport  
  39  3:52  SCV  
  39  3:54  Supply Depot, Marine  
  41  4:01  Marauder, Marine  
  44  4:22  Marine  
  44  4:23  Marauder x2, Medivac, Marine  
  48  4:31  Supply Depot  
  48  4:33  SCV  
  49  4:40  Marine  
  49  4:44  Marauder  
  52  4:50  Marauder, Marine  
  55  4:53  Concussive Shells  
  55  4:58  Marine  
  56  5:10  Marine  
  56  5:11  Marauder  
  56  5:12  Marauder  
  56  5:13  Hellion  
Show
View Real Time Build Order
Export as new Build Order

MellowYellow Protoss 

Build Orders:  

Get SALT Encoding   

  12  0:01  Probe (Chrono Boost)  
  13  0:11  Probe (Chrono Boost)  
  14  0:18  Pylon  
  14  0:25  Probe (Chrono Boost)  
  15  0:36  Probe (Chrono Boost)  
  15  0:38  Gateway  
  16  0:46  Probe (Chrono Boost)  
  16  0:48  Assimilator  
  17  0:59  Probe (Chrono Boost)  
  18  1:05  Pylon  
  18  1:10  Probe (Chrono Boost)  
  19  1:20  Probe (Chrono Boost)  
  20  1:26  Cybernetics Core  
  20  1:31  Probe (Chrono Boost)  
  21  1:41  Probe (Chrono Boost)  
  22  1:51  Nexus  
  22  1:55  Probe (Chrono Boost)  
  22  1:59  Assimilator  
  23  2:04  Warp Gate  
  23  2:06  Probe (Chrono Boost)  
  24  2:17  Probe (Chrono Boost)  
  24  2:20  Robotics Facility  
  25  2:27  Probe (Chrono Boost)  
  26  2:33  Pylon  
  26  2:38  Probe (Chrono Boost)  
  27  2:44  Stalker  
  27  2:49  Probe (Chrono Boost)  
  30  2:57  Gateway  
  30  2:59  Probe (Chrono Boost)  
  31  3:09  Observer  
  31  3:10  Probe (Chrono Boost)  
  31  3:12  Probe (Chrono Boost)  
  34  3:20  Probe (Chrono Boost)  
  34  3:22  Probe (Chrono Boost)  
  27  3:40  Probe (Chrono Boost)  
  28  3:43  Observer (Chrono Boost)  
  28  3:44  Probe (Chrono Boost)  
  30  3:52  Probe  
  30  3:55  Probe  
  30  4:04  Probe  
  31  4:11  Probe  
  29  4:21  Stalker x2  
  33  4:27  Immortal (Chrono Boost)  
  33  4:31  Probe  
  37  4:32  Probe  
  37  4:35  Assimilator  
  39  4:41  Assimilator  
  39  4:43  Probe (Chrono Boost)  
  39  4:44  Probe (Chrono Boost)  
  41  4:54  Stalker, Probe (Chrono Boost), Zealot  
  41  4:55  Probe (Chrono Boost)  
  47  5:04  Probe (Chrono Boost)  
  47  5:06  Probe (Chrono Boost)  
  49  5:08  Pylon  
  49  5:14  Nexus  
  49  5:15  Probe (Chrono Boost)  
  49  5:16  Probe (Chrono Boost)  
  51  5:25  Stalker x2  
Tags
 
Add a new tag
Caveats
  • Supply blocks, unpowered buildings, or Contaminate may cause inaccurate times.
  • Supply counts are checked every 10 seconds.